SA
SYRACUSE STORM @ GRIM REAPERS
05/18/2029
 
TOP OF THE 1ST
Syracuse Storm batting - Pitching for Grim Reapers : RHP Rusty Maxson
Pitching: RHP Rusty Maxson
Batting: RHB Tsuginori Kobayashi 0-0: Ball
1-0: SOLO HOME RUN (Flyball, 7D), Distance : 384 ft
Batting: RHB Javier Sandoval 0-0: Called Strike
0-1: Foul Ball, location: 2F
0-2: Ball
1-2: Ball
2-2: Strikes out swinging
Batting: LHB Juan Jimínez 0-0: Foul Ball, location: 2F
0-1: Ball
1-1: Swinging Strike
1-2: Strikes out swinging
Batting: SHB Francisco Marín 0-0: Swinging Strike
0-1: Foul Ball, location: 2F
0-2: Foul Ball, location: 2F
0-2: Strikes out looking
Top of the 1st over - 1 run, 1 hit, 0 errors, 0 left on base; Syracuse 1 - Grim 0
BOTTOM OF THE 1ST
Grim Reapers batting - Pitching for Syracuse Storm : RHP Joe Martarano
Pitching: RHP Joe Martarano
Batting: RHB Dolla Head 0-0: Ball
1-0: SINGLE (Groundball, 56D)
Batting: RHB Colby King 0-0: Foul Ball, location: 2F
0-1: Ball
Wild Pitch!
Dolla Head to second
1-1: Foul Ball, location: 2F
1-2: Ball
2-2: Foul Ball, location: 2F
2-2: Foul Ball, location: 2F
2-2: Ball
3-2: Ground out 5-3 (Groundball, 56S)
Dolla Head to third
Batting: LHB Alberto Garza 0-0: Ball
1-0: Foul Ball, location: 2F
1-1: Called Strike
1-2: Ball
2-2: SINGLE (Groundball, 3S) (infield hit)
Dolla Head scores
Batting: LHB Dante Aristizabal 0-0: Called Strike
0-1: Swinging Strike
0-2: Ball
1-2: Ball
2-2: Ball
3-2: Base on Balls
Alberto Garza to second
Batting: RHB Lee Benjamin 0-0: Ball
1-0: Ball
2-0: SINGLE (Groundball, 34D)
Alberto Garza to third
Dante Aristizabal to second
Runner from 3rd tries for Home, SAFE, no throw
Batting: RHB Lu-fang Koo 0-0: Grounds into double play, U5-3 (Groundball, 5L)
Bottom of the 1st over - 2 runs, 3 hits, 0 errors, 1 left on base; Syracuse 1 - Grim 2
TOP OF THE 2ND
Syracuse Storm batting - Pitching for Grim Reapers : RHP Rusty Maxson
Batting: LHB António Paez 0-0: Ball
1-0: Ball
2-0: Ball
3-0: Called Strike
3-1: SINGLE (Groundball, 6S) (infield hit)
Batting: LHB Gidde Collin 0-0: Ball
1-0: Ball
2-0: Called Strike
2-1: SINGLE (Line Drive, 4MD)
António Paez to second
Batting: RHB Dave Maxwell 0-0: Called Strike
0-1: Ball
1-1: Swinging Strike
1-2: Foul Ball, location: 2F
1-2: Ball
2-2: Foul Ball, location: 2F
2-2: Ball
3-2: Strikes out swinging
Batting: RHB Harry MacCash 0-0: Ball
1-0: Foul Ball, location: 2F
1-1: Ball
2-1: Foul Ball, location: 2F
2-2: Strikes out swinging
Batting: LHB Hirohisa Wada 0-0: Fly out, F9 (Flyball, 9)
Top of the 2nd over - 0 runs, 2 hits, 0 errors, 2 left on base; Syracuse 1 - Grim 2
BOTTOM OF THE 2ND
Grim Reapers batting - Pitching for Syracuse Storm : RHP Joe Martarano
Batting: RHB Mason Congdon 0-0: Ball
1-0: Ball
2-0: Ball
3-0: Foul Ball, location: 2F
3-1: Base on Balls
Batting: RHB Bartolo Hernández 0-0: Foul Ball, location: 2F
0-1: Called Strike
0-2: Strikes out swinging
Batting: RHB Luis Pagán 0-0: Called Strike
0-1: SINGLE (Flyball, 89S)
Mason Congdon to second
Runner from 2nd tries for 3rd, SAFE, no throw
Batting: RHB Dolla Head 0-0: Called Strike
0-1: Called Strike
0-2: SINGLE (Groundball, 6MD)
Mason Congdon scores
Luis Pagán to second
Runner from 2nd tries for 3rd, SAFE, no throw
Batting: RHB Colby King 0-0: Ball
Dolla Head is caught stealing 2nd base
1-0: Swinging Strike
1-1: Ground out 6-3 (Groundball, 6)
Bottom of the 2nd over - 1 run, 2 hits, 0 errors, 1 left on base; Syracuse 1 - Grim 3
TOP OF THE 3RD
Syracuse Storm batting - Pitching for Grim Reapers : RHP Rusty Maxson
Batting: RHB Tsuginori Kobayashi 0-0: Foul Ball, location: 2F
0-1: Swinging Strike
0-2: Ball
1-2: Strikes out swinging
Batting: RHB Javier Sandoval 0-0: Ball
1-0: Swinging Strike
1-1: Foul Ball, location: 2F
1-2: Foul Ball, location: 2F
1-2: Strikes out swinging
Batting: LHB Juan Jimínez 0-0: Ball
1-0: Called Strike
1-1: Called Strike
1-2: Foul Ball, location: 2F
1-2: Ball
2-2: Foul Ball, location: 2F
2-2: Ball
3-2: Base on Balls
Batting: SHB Francisco Marín 0-0: Swinging Strike
0-1: Ball
1-1: Ball
2-1: Ground out 5-3 (Groundball, 56S)
Top of the 3rd over - 0 runs, 0 hits, 0 errors, 1 left on base; Syracuse 1 - Grim 3
BOTTOM OF THE 3RD
Grim Reapers batting - Pitching for Syracuse Storm : RHP Joe Martarano
Batting: LHB Alberto Garza 0-0: Ball
1-0: Foul Ball, location: 2F
1-1: Swinging Strike
1-2: Ball
2-2: Foul Ball, location: 2F
2-2: Ball
3-2: Ground out 4-3 (Groundball, 4)
Batting: LHB Dante Aristizabal 0-0: Swinging Strike
0-1: Ball
1-1: Foul Ball, location: 2F
1-2: Ground out 4-3 (Groundball, 4)
Batting: RHB Lee Benjamin 0-0: Foul Ball, location: 2F
0-1: SOLO HOME RUN (Line Drive, 78XD), Distance : 419 ft
Batting: RHB Lu-fang Koo 0-0: Foul Ball, location: 2F
0-1: Ball
1-1: Foul Ball, location: 2F
1-2: Ball
2-2: Foul Ball, location: 2F
2-2: Strikes out swinging
Bottom of the 3rd over - 1 run, 1 hit, 0 errors, 0 left on base; Syracuse 1 - Grim 4
TOP OF THE 4TH
Syracuse Storm batting - Pitching for Grim Reapers : RHP Rusty Maxson
Batting: LHB António Paez 0-0: Called Strike
0-1: Ground out 3-1 (Groundball, 34)
Batting: LHB Gidde Collin 0-0: Called Strike
0-1: Foul Ball, location: 2F
0-2: Ball
1-2: Strikes out swinging
Batting: RHB Dave Maxwell 0-0: Foul Ball, location: 2F
0-1: Ball
1-1: Foul Ball, location: 2F
1-2: Strikes out swinging
Top of the 4th over - 0 runs, 0 hits, 0 errors, 0 left on base; Syracuse 1 - Grim 4
BOTTOM OF THE 4TH
Grim Reapers batting - Pitching for Syracuse Storm : RHP Joe Martarano
Batting: RHB Mason Congdon 0-0: Foul Ball, location: 2F
0-1: Ball
1-1: Ball
2-1: Ball
3-1: Called Strike
3-2: Reached on error, E4 (Groundball, 4)
Batting: RHB Bartolo Hernández 0-0: Ball
1-0: Swinging Strike
1-1: Ground out 5-3 (Groundball, 56S)
Mason Congdon to second
Batting: RHB Luis Pagán 0-0: Called Strike
0-1: Foul Ball, location: 2F
0-2: Ground out 6-3 (Groundball, 6)
Batting: RHB Dolla Head 0-0: Foul Ball, location: 2F
0-1: Ball
1-1: Called Strike
1-2: Strikes out swinging
Bottom of the 4th over - 0 runs, 0 hits, 1 error, 1 left on base; Syracuse 1 - Grim 4
TOP OF THE 5TH
Syracuse Storm batting - Pitching for Grim Reapers : RHP Rusty Maxson
Batting: RHB Harry MacCash 0-0: Ground out 5-3 (Groundball, 56)
Batting: LHB Hirohisa Wada 0-0: Called Strike
0-1: Ball
1-1: Ground out 4-3 (Groundball, 4M)
Batting: RHB Tsuginori Kobayashi 0-0: Called Strike
0-1: Foul Ball, location: 2F
0-2: Foul Ball, location: 2F
0-2: Foul Ball, location: 2F
0-2: Ball
1-2: Ball
2-2: Foul Ball, location: 2F
2-2: Foul Ball, location: 2F
2-2: Foul Ball, location: 2F
2-2: Fly out, F5 (Line Drive, 56)
Top of the 5th over - 0 runs, 0 hits, 0 errors, 0 left on base; Syracuse 1 - Grim 4
BOTTOM OF THE 5TH
Grim Reapers batting - Pitching for Syracuse Storm : RHP Joe Martarano
Batting: RHB Colby King 0-0: Ball
1-0: Ball
2-0: Foul Ball, location: 2F
2-1: Called Strike
2-2: Strikes out swinging
Batting: LHB Alberto Garza 0-0: Ball
1-0: Ground out 5-3 (Groundball, 56)
Batting: LHB Dante Aristizabal 0-0: Ball
1-0: Ball
2-0: Swinging Strike
2-1: Called Strike
2-2: Ground out 4-3 (Groundball, 4D)
Bottom of the 5th over - 0 runs, 0 hits, 0 errors, 0 left on base; Syracuse 1 - Grim 4
TOP OF THE 6TH
Syracuse Storm batting - Pitching for Grim Reapers : RHP Rusty Maxson
Batting: RHB Javier Sandoval 0-0: Called Strike
0-1: Swinging Strike
0-2: Strikes out swinging
Batting: LHB Juan Jimínez 0-0: Swinging Strike
0-1: Ball
1-1: Swinging Strike
1-2: Strikes out swinging
Batting: SHB Francisco Marín 0-0: Called Strike
0-1: Foul Ball, location: 2F
0-2: Ball
1-2: Strikes out swinging
Top of the 6th over - 0 runs, 0 hits, 0 errors, 0 left on base; Syracuse 1 - Grim 4
BOTTOM OF THE 6TH
Grim Reapers batting - Pitching for Syracuse Storm : RHP Joe Martarano
Batting: RHB Lee Benjamin 0-0: Called Strike
0-1: Ball
1-1: SINGLE (Line Drive, 8LS)
Batting: RHB Lu-fang Koo 0-0: Sac Bunt - play at first, batter OUT! 1-3
Lee Benjamin to second
Batting: RHB Mason Congdon 0-0: Intentional Walk
Batting: RHB Bartolo Hernández 0-0: Ball
1-0: Foul Ball, location: 2F
1-1: Called Strike
1-2: SINGLE (Line Drive, 7S)
Lee Benjamin to third
Mason Congdon to second
Runner from 3rd tries for Home, SAFE, throw made home
Batting: RHB Luis Pagán 0-0: Ball
1-0: Ball
2-0: Foul Ball, location: 2F
2-1: Swinging Strike
2-2: Foul Ball, location: 2F
2-2: Grounds into double play, 5-4-3 (Groundball, 56)
Bottom of the 6th over - 1 run, 2 hits, 0 errors, 1 left on base; Syracuse 1 - Grim 5
TOP OF THE 7TH
Syracuse Storm batting - Pitching for Grim Reapers : RHP Rusty Maxson
Batting: LHB António Paez 0-0: Ground out 4-3 (Groundball, 4)
Batting: LHB Gidde Collin 0-0: Foul Ball, location: 2F
0-1: Swinging Strike
0-2: Strikes out looking
Batting: RHB Dave Maxwell 0-0: Foul Ball, location: 2F
0-1: Ball
1-1: Foul Ball, location: 2F
1-2: Ball
2-2: Foul Ball, location: 2F
2-2: Ball
3-2: Fly out, F2 (Popup, 23F)
Top of the 7th over - 0 runs, 0 hits, 0 errors, 0 left on base; Syracuse 1 - Grim 5
BOTTOM OF THE 7TH
Grim Reapers batting - Pitching for Syracuse Storm : RHP Joe Martarano
Batting: RHB Dolla Head 0-0: Fly out, F8 (Flyball, 8LD)
Batting: RHB Colby King 0-0: Ball
1-0: Ball
2-0: Foul Ball, location: 2F
2-1: Fly out, F5 (Line Drive, 5)
Batting: LHB Alberto Garza 0-0: Ball
1-0: Ball
2-0: Ground out U3 (Groundball, 34S)
Bottom of the 7th over - 0 runs, 0 hits, 0 errors, 0 left on base; Syracuse 1 - Grim 5
TOP OF THE 8TH
Syracuse Storm batting - Pitching for Grim Reapers : RHP Rusty Maxson
Batting: RHB Harry MacCash 0-0: Ball
1-0: Called Strike
1-1: Called Strike
1-2: Ball
2-2: Strikes out swinging
Pitching: LHP John Hartley
Batting: LHB Hirohisa Wada 0-0: Foul Ball, location: 2F
0-1: Ball
1-1: Foul Ball, location: 2F
1-2: Strikes out swinging
Batting: RHB Tsuginori Kobayashi 0-0: Ball
1-0: Foul Ball, location: 2F
1-1: Swinging Strike
1-2: Strikes out swinging
Top of the 8th over - 0 runs, 0 hits, 0 errors, 0 left on base; Syracuse 1 - Grim 5
BOTTOM OF THE 8TH
Grim Reapers batting - Pitching for Syracuse Storm : RHP Joe Martarano
Pitching: RHP Manuel Montero
Batting: LHB Dante Aristizabal 0-0: Called Strike
0-1: Ball
1-1: Foul Ball, location: 2F
1-2: Ball
2-2: Strikes out looking
Batting: RHB Lee Benjamin 0-0: Ball
1-0: Ball
2-0: Called Strike
2-1: Fly out, F3 (Popup, 3SF)
Batting: RHB Lu-fang Koo 0-0: Called Strike
0-1: Ball
1-1: SINGLE (Line Drive, 6)
Batting: RHB Mason Congdon 0-0: Called Strike
0-1: SINGLE (Groundball, 34) (infield hit)
Lu-fang Koo to second
Batting: RHB Bartolo Hernández 0-0: Ball
1-0: SINGLE (Groundball, 56D)
Lu-fang Koo to third
Mason Congdon to second
Runner from 3rd tries for Home, SAFE, throw made home
Batting: RHB Luis Pagán 0-0: Ball
1-0: Ball
2-0: Called Strike
2-1: Fly out, F9 (Flyball, 89M)
Bottom of the 8th over - 1 run, 3 hits, 0 errors, 2 left on base; Syracuse 1 - Grim 6
TOP OF THE 9TH
Syracuse Storm batting - Pitching for Grim Reapers : LHP John Hartley
Batting: RHB Javier Sandoval 0-0: Ball
1-0: Foul Ball, location: 2F
1-1: Fly out, F7 (Flyball, 7)
Batting: LHB Juan Jimínez 0-0: Ball
1-0: Called Strike
1-1: Fly out, F9 (Flyball, 9LSF)
Batting: SHB Francisco Marín 0-0: Swinging Strike
0-1: Called Strike
0-2: Strikes out swinging
Top of the 9th over - 0 runs, 0 hits, 0 errors, 0 left on base; Syracuse 1 - Grim 6
Tuesday, December 19th, 2017 - OOTP Baseball 18.8 Build 76